AoeStats
← GORGORY

Arabia

504876404Analyzed
1v1 RM · 26d ago on Sep 6, 2026· 53m 3s· 2 players
Game mode
Random Map
Map size
Tiny (2 player)
Population
200
Speed
Normal
Resources
Standard
Victory
Conquest
Starting age
Dark Age
Ending age
Imperial Age
RankedLock teamsTeams togetherTeam positionsShared explorationLock speedFull tech treeHidden civsTurbo modeCheats
Victory
Defeat
🇦🇷 Ethiopians · Argentina
1053
+15
🇨🇱 Spanish · Chile
1041
-15
Tobi_ScCl
10:34 Feudal Age
11:00 Loom
14:41 Double-Bit Axe
19:40 Castle Age
19:12 Fletching
28:04 Double-Bit Axe
28:01 Horse Collar
31:37 Heavy Plow
31:48 Bow Saw
32:22 Wheelbarrow
35:11 Ballistics
38:17 Imperial Age
36:26 Bloodlines
36:16 Husbandry
36:31 Forging
36:26 Scale Barding Armor
36:22 Padded Archer Armor
37:11 Hand Cart
36:42 Town Watch
36:30 Light Cavalry
40:05 Chemistry
39:03 Bodkin Arrow
39:44 Iron Casting
39:29 Chain Barding Armor
38:37 Hussar
46:32 Scale Mail Armor
51:01 Blast Furnace
50:16 Chain Mail Armor
49:59 Man-at-Arms
50:24 Gambesons
50:40 Squires
50:25 Arson
52:03 Two-Man Saw
50:53 Long Swordsman
GORGORY
5:46 Loom
8:57 Feudal Age
9:23 Double-Bit Axe
14:06 Wheelbarrow
17:59 Castle Age
16:48 Stone Mining
19:14 Bow Saw
19:04 Town Watch
23:05 Sanctity
23:01 Fervor
23:11 Sanctity
25:36 Fletching
25:49 Scale Mail Armor
25:38 Horse Collar
26:06 Elite Skirmisher
27:24 Heavy Plow
27:32 Fletching
28:01 Padded Archer Armor
29:12 Thumb Ring
29:48 Bodkin Arrow
30:08 Leather Archer Armor
32:32 Ballistics
32:07 Murder Holes
32:28 Forging
32:33 Chain Mail Armor
32:56 Gold Mining
35:04 Iron Casting
34:44 Chain Mail Armor
34:46 Leather Archer Armor
34:35 Squires
34:20 Arson
39:17 Hand Cart
39:02 Town Patrol
40:08 Royal Heirs
44:55 Imperial Age
44:25 Gold Shaft Mining
44:33 Stone Shaft Mining
45:00 Elite Shotel Warrior
46:57 Conscription
46:45 Capped Ram
46:51 Halberdier
50:47 Blast Furnace
50:17 Plate Mail Armor
49:47 Bracer
50:17 Ring Archer Armor
51:55 Two-Man Saw
52:09 Crossbowman
52:44 Arbalester
Connection lost

Rejoining the realm…

Still unreachable

The connection could not be restored.

Session expired

The server has moved on; the page needs a fresh start.